 Dungeon Crawl Stone Soup version 0.28.0-53-g5a82cb258f (webtiles) character file.

Game seed: 16295263846208429533

49 Descartes the Sneak (level 3, -2/17 HPs)
             Began as a Felid Delver on July 14, 2022.
             Splashed by a jelly's acid (4 damage)
             ... on level 5 of the Dungeon.
             The game lasted 00:00:27 (351 turns).

Descartes the Sneak (Felid Delver)                   Turns: 351, Time: 00:00:27

Health: -2/17      AC: -11   Str: 10    XL:     3   Next: 51%
Magic:  4/4        EV: 18    Int: 11    God:
Gold:   0          SH:  0    Dex: 17    Spells: 2/2 levels left
                                        Lives:  0   Deaths: 0

rFire   . . .      SeeInvis +     - Unarmed
rCold   . . .      Faith    .   (shield unavailable)
rNeg    . . .      Spirit   .   (armour unavailable)
rPois   .          Reflect  .   (helmet unavailable)
rElec   .          Harm     .   (cloak unavailable)
rCorr   .          Rampage  .   (gloves unavailable)
Will    .....                   (boots unavailable)
Stlth   ++++......              (no amulet)
HPRegen 0.05/turn               (no ring)
MPRegen 0.09/turn               (no ring)

@: corroded, quick
A: very small, claws 1, fangs 3, see invisible, speed 1, shaggy fur 1, stealthy
paws, no weapons or thrown items, no armour, multi-lived
a: no special abilities


You were on level 5 of the Dungeon.
You visited 1 branch of the dungeon, and saw 1 of its levels.

Inventory:

Wands
 e - a wand of digging (3)
Scrolls
 a - a scroll of fog
 b - a scroll of magic mapping
 c - a scroll of fear
Potions
 d - a potion of haste


   Skills:
 - Level 3.0 Fighting
 + Level 3.5 Dodging
 * Level 7.5 Stealth
 + Level 2.5 Unarmed Combat


You had 2 spell levels left.
You didn't know any spells.
Your spell library contained the following spells:

 Spells                   Type           Power      Damage    Failure   Level
 Scorch                   Fire           0%         2d5       47%         2
 Flame Wave               Conj/Fire      0%         2d4       98%         4
 Summon Cactus Giant      Summ           0%         N/A       100%        6


Dungeon Overview and Level Annotations

Branches:
Dungeon (5/15)
 Temple: D:4-7

Altars:


Innate Abilities, Weirdness & Mutations

You have sharp claws.
You have razor-sharp teeth.
You have supernaturally acute eyesight. (SInv)
You cover ground quickly. (Speed+)
You are covered in fur. (AC +1)
Your paws help you pounce on unaware monsters.
You are incapable of wielding weapons or throwing items.
You cannot wear armour.
You gain extra lives every three experience levels.


Message History

You bite the scorpion zombie.
The scorpion zombie is almost destroyed.
You barely miss the scorpion zombie.
The scorpion zombie is almost destroyed.
The scorpion zombie completely misses you.
You scratch the scorpion zombie.
You destroy the scorpion zombie!
Your Dodging skill increases to level 3!
Your Stealth skill increases to level 7!
You have reached level 2!
You start resting.
HP restored.
You see here a book of Scorching.
The helpless iguana fails to defend itself.
You mangle the iguana!!
You kill the iguana!
You have reached level 3!
Your experience leads to an increase in your attributes!
Increase (S)trength, (I)ntelligence, or (D)exterity?
You feel stronger. x2
You pick up a book of Scorching and begin reading...
You add the spells Scorch, Flame Wave and Summon Cactus Giant to your library.
You see here an iguana corpse.
A yak comes into view.
A jelly comes into view.
The jelly completely misses you.
You claw the jelly! The acid corrodes you!
Your paws burn!
You bite the jelly, but do no damage.
The jelly is heavily wounded.
The jelly misses you.
You barely miss the jelly. You bite the jelly, but do no damage.
The jelly is heavily wounded.
An iguana comes into view.
The jelly hits you.
You are splashed with acid!
You scratch the jelly but do no damage. The acid corrodes you!
Your paws burn!
* * * LOW HITPOINT WARNING * * *
The jelly is heavily wounded.
The jelly completely misses you.
You scratch the jelly but do no damage. The acid corrodes you!
Your paws burn!
You die...

...##.#.# .....
........#####........##
.......................
. #....## ......... .
##....####......# .##
##....##.......# ..#
##.......Y......#
#.###...###.........#.#
#..#.#..# #.....@J....#
...†....##...###.##.....
.........#..## ### .l.
#............ .
#........#...
.........#...
.........#...
..#...#.... ####.###...


You could see a yak, an iguana and a jelly.

Vanquished Creatures
  An iguana (D:5)
  A scorpion zombie (D:5)
2 creatures vanquished.

Notes
Turn   | Place    | Note
-------+----------+-------------------------------------------
     0 | D:5      | Descartes the Felid Delver began the quest for the Orb.
     0 | D:5      | Reached XP level 1. HP: 10/10 MP: 2/2
     9 | D:5      | Noticed an iguana
    28 | D:5      | Reached skill level 7 in Stealth
    28 | D:5      | Reached XP level 2. HP: 2/14 MP: 3/3
   324 | D:5      | Reached XP level 3. HP: 17/17 MP: 4/4
   337 | D:5      | Noticed a yak
   351 | D:5      | Splashed by a jelly's acid

Illustrated notes

Levels and vault maps discovered:
D:5:      layout_cave_pools, grunt_ministairs_13, minmay_manual_monstrance

Skill      XL: |  1 |
---------------+----+-----
Dodging        | 3 |  3.5
Stealth        | 7 |  7.5
Fighting       | |  3.0
Unarmed Combat | |  2.5

Action                   || total
-------------------------++-------
Melee: Unarmed           ||    21
       Bite              ||     5
       Punch             ||     1
 Stab: Sleeping          ||     1
Armor: Skin              ||     2
Dodge: Dodged            ||    11
